 Dungeon Crawl Stone Soup version 0.27.1-34-g3ba077fa99 (webtiles) character file.

Game seed: 8469386265413116230

99 AuftragZ the Gusty (level 4, 33/33 HPs)
             Began as a Draconian Air Elementalist on Aug 31, 2021.
             Got out of the dungeon alive.
             The game lasted 00:10:09 (2201 turns).

AuftragZ the Gusty (Draconian Air Elementalist)     Turns: 2201, Time: 00:10:10

Health: 33/33      AC:  5    Str: 10    XL:     4   Next: 45%
Magic:  7/7        EV: 13    Int: 16    God:
Gold:   85         SH:  0    Dex: 18    Spells: 5/8 levels left

rFire    . . .     SeeInvis .   (no weapon)
rCold    . . .     Faith    .   (no shield)
rNeg     . . .     Spirit   .   (armour unavailable)
rPois    .         Reflect  .   (helmet restricted)
rElec    .         Harm     .   (no cloak)
rCorr    .         Rampage  .   (no gloves)
Will     +....                  (no boots)
Stlth    ++........             (no amulet)
HPRegen  0.11/turn              b - +6 ring of dexterity
MPRegen  0.10/turn              e - ring of willpower

@: no status effects
A: AC +5, unfitting armour, cold-blooded
a: no special abilities


You escaped.
You visited 1 branch of the dungeon, and saw 2 of its levels.

You collected 85 gold pieces.

Inventory:

Jewellery
 b - a +6 ring of dexterity (left hand)
 e - a ring of willpower (right hand)
Potions
 a - a potion of berserk rage {unknown}
 d - a potion of mutation


   Skills:
 + Level 2.5 Dodging
 + Level 1.9 Stealth
 + Level 0.4 Unarmed Combat
 + Level 2.5 Spellcasting
 + Level 2.0 Conjurations
 + Level 3.8 Air Magic


You had 5 spell levels left.
You knew the following spells:

 Your Spells              Type           Power      Damage    Failure   Level
a - Shock                 Conj/Air       44%        1d5       6%          1
b - Static Discharge      Conj/Air       11%        N/A       9%          2

Your spell library contained the following spells:

 Spells                   Type           Power      Damage    Failure   Level
 Swiftness                Air            14%        N/A       12%         3
 Airstrike                Air            7%         N/A       36%         4


Dungeon Overview and Level Annotations

Branches:
Dungeon (2/15)

Altars:


Innate Abilities, Weirdness & Mutations

Your plain brown scales are hard. (AC +5)
You cannot fit into any form of body armour.
You are cold-blooded and may be slowed by cold attacks.


Message History

HP restored.
Unknown command.
You see here a +0 whip.
There is a stone staircase leading up here.
Things that are here:
a +0 halberd; a gnoll skeleton
a - a fuming amethyst potion A goblin comes into view.
It is wielding a +0 club.
Casting: Shock (safe; 6% risk of failure)
Confirm with . or Enter, or press ? or * to list all spells.
Aiming: Shock (safe; 6% risk of failure)
Press: ? - help, Shift-Dir - straight line, f - goblin
Aim: a goblin, wielding a +0 club (asleep, 100% to hit)
The zap hits the goblin.
The goblin is almost dead.
The goblin shouts!
Casting: Shock (safe; 6% risk of failure)
Confirm with . or Enter, or press ? or * to list all spells.
Aiming: Shock (safe; 6% risk of failure)
Press: ? - help, Shift-Dir - straight line, f/p - goblin
Aim: a goblin, wielding a +0 club (almost dead, 60% to hit)
The zap hits the goblin.
You kill the goblin!
Memorise Static Discharge, consuming 2 spell levels and leaving 5?
You start memorising the spell.
You continue memorising. x2
You finish memorising.
Spell assigned to 'b'.
Welcome back, AuftragZ the Draconian Air Elementalist.
Press ? for a list of commands and other information.
There is a stone staircase leading up here.
You climb upwards.
There is a stone staircase leading down here.
Things that are here:
4 stones; a +0 whip
Things that are here:
a +0 dagger; an adder skeleton You open the door.
There is an open door here.
There is a staircase leading out of the dungeon here.
Are you sure you want to leave the Dungeon?
This will make you lose the game!
You have escaped!

.##......# #...# #.#..########
.8#......# #.⌠.# #.#..........
..'......# #...# #.##.#######.
.8#......# #.>.# #.##.#######.
.######..# #...# #..........#. ##
##.######.⌠.######.#####.#. #
#.#.............#.# #.#.
#.#.............#.# #.#.
#.#......@......#.# #.##
#.#.............#.# #... #####
#.#.............#.# ####
....####.###############.######
.......#......................#
.......##########.#..#.######.###
.......# #.##.#.#...).....
.....(.# #.##.#.#.####..†#
..#....# #.##.#)#)# ###.#


There were no monsters in sight!

Vanquished Creatures
  2 adders
  4 gnolls (D:2)
  5 endoplasms (D:1)
  A giant cockroach (D:1)
  8 goblins
  6 hobgoblins (D:1)
  5 ball pythons (D:1)
  4 bats (D:1)
  3 frilled lizards (D:1)
  2 kobolds (D:1)
  2 rats
42 creatures vanquished.

Notes
Turn   | Place    | Note
-------+----------+-------------------------------------------
     0 | D:1      | AuftragZ the Draconian Air Elementalist began the quest for
                  | the Orb.
     0 | D:1      | Reached XP level 1. HP: 14/14 MP: 3/3
   579 | D:1      | Reached XP level 2. HP: 20/20 MP: 3/5
  1051 | D:1      | Reached XP level 3. HP: 23/26 MP: 0/6
  1680 | D:2      | Reached XP level 4. HP: 33/33 MP: 1/7
  2095 | D:2      | Learned a level 2 spell: Static Discharge
  2095 | D:2      | Upgraded the game from 0.27.1 to 0.27.1-34-g3ba077fa99
  2201 | D:$      | Got out of the dungeon alive.

Illustrated notes

Levels and vault maps discovered:
D:1:      lemuel_arrival_hallway, layout_basic, dk_noncrumbling_4,
          chequers_serial_rivers_large_a, kennysheep_crisscross
D:2:      layout_basic

Skill      XL: |  1  2  3 |
---------------+----------+-----
Dodging        | 2 |  2.5
Conjurations   | 2 |  2.0
Stealth        | |  1.9
Unarmed Combat | |  0.4
Spellcasting   | |  2.5
Air Magic      | |  3.8

Action                   |  1- 3 |  4- 6 || total
-------------------------+-------+-------++-------
Melee: Unarmed           |    33 |    22 ||    55
       Tailslap          |     1 |     3 ||     4
 Cast: Shock             |    74 |    12 ||    86
  Use: Potion            |     2 |       ||     2
       Scroll            |     1 |       ||     1
Armor: Skin              |    15 |     2 ||    17
Dodge: Dodged            |    43 |    13 ||    56
